Map: [ESL] Alcyone

Players

trigger - Winner!

  • Race: Protoss Protoss
  • Spawn Location: 1:00

Scarlett

  • Race: Zerg Zerg
  • Spawn Location: 7:00

Event: ESL SC2 Masters 2024 Spring (Regional)

VOD

Have the link to the VOD?

Description

Time

  • Played on: May 4, 2024, 3:37 p.m.
  • Length: 11:26

All games in this series

Show
View Real Time Build Order
Export as new Build Order

trigger Protoss - Winner!

Build Orders: 1 Gate Expand, Oracle Opening 

Get SALT Encoding   

  12  0:00  Probe  
  13  0:12  Probe  
  14  0:18  Pylon  
  14  0:24  Probe (Chrono Boost)  
  15  0:36  Probe (Chrono Boost)  
  15  0:38  Gateway  
  16  0:45  Probe (Chrono Boost)  
  16  0:47  Assimilator  
  17  0:50  Probe  
  18  1:03  Probe  
  19  1:15  Probe  
  20  1:23  Nexus  
  20  1:34  Cybernetics Core  
  20  1:36  Probe  
  21  1:42  Assimilator  
  21  1:49  Probe  
  21  1:53  Pylon  
  22  2:01  Probe  
  23  2:08  Adept (Chrono Boost)  
  23  2:13  Probe  
  26  2:19  Stargate  
  26  2:25  Probe  
  26  2:26  Warp Gate  
  26  2:28  Adept (Chrono Boost)  
  27  2:35  Probe  
  30  2:38  Probe  
  31  2:47  Probe  
  31  2:50  Probe  
  33  2:52  Adept (Chrono Boost)  
  35  2:59  Probe  
  35  3:02  Oracle (Chrono Boost), Probe  
  40  3:09  Pylon  
  40  3:11  Probe  
  41  3:15  Probe  
  42  3:23  Probe, Gateway  
  42  3:27  Probe  
  44  3:29  Oracle (Chrono Boost)  
  47  3:35  Probe  
  48  3:45  Nexus  
  48  3:53  Pylon  
  48  3:55  Probe  
  49  3:56  Probe  
  49  4:02  Twilight Council  
  50  4:05  Gateway  
  50  4:07  Probe  
  47  4:10  Probe  
  47  4:15  Nexus  
  48  4:19  Adept x2  
  48  4:23  Probe x2  
  54  4:30  Gateway  
  54  4:31  Pylon  
  54  4:37  Probe  
  53  4:42  Adept x2  
  53  4:44  Resonating Glaives (Chrono Boost), Probe  
  55  4:49  Pylon  
  55  4:50  Assimilator  
  55  4:58  Probe  
  55  4:59  Probe  
  57  5:03  Adept x2  
  57  5:04  Assimilator  
  57  5:05  Pylon  
  61  5:07  Adept  
  61  5:13  Probe x2  
  65  5:18  Pylon  
  65  5:23  Adept x2  
  65  5:25  Adept  
  70  5:36  Probe, Adept  
  70  5:37  Probe  
  72  5:44  Probe (Chrono Boost)  
  72  5:48  Adept x3  
  81  5:50  Probe (Chrono Boost)  
  81  5:51  Robotics Facility, Probe (Chrono Boost)  
  82  5:58  Shield Battery  
  82  6:02  Probe (Chrono Boost), Adept  
  85  6:05  Probe x2 (Chrono Boost)  
  86  6:15  Adept x3  
  90  6:19  Probe  
  90  6:24  Probe x2, Adept  
  95  6:26  Blink  
  95  6:28  Forge  
  95  6:31  Probe  
  96  6:36  Probe  
  97  6:43  Adept x2  
  97  6:48  Probe  
  97  6:53  Probe  
  95  6:58  Protoss Ground Weapons Level 1 (Chrono Boost)  
  95  7:01  Adept x2  
  97  7:02  Immortal (Chrono Boost)  
  97  7:04  Gateway  
  101  7:08  Gateway  
  101  7:16  Pylon, Probe x2  
  101  7:17  Probe  
  101  7:18  Pylon  
  101  7:31  Pylon  
  101  7:32  Pylon  
  101  7:34  Adept  
  101  7:35  Immortal (Chrono Boost)  
  104  7:39  Adept  
  104  7:40  Adept x2  
  104  7:44  Probe  
  105  7:45  Probe  
  105  7:51  Probe  
  101  7:56  Probe, Adept  
  101  7:57  Probe  
  92  8:04  Stalker x4  
  92  8:05  Shield Battery  
  91  8:07  Immortal (Chrono Boost), Stalker  
  91  8:08  Probe  
  91  8:11  Assimilator  
  93  8:17  Stalker  
  99  8:25  Probe  
  97  8:31  Stalker x4  
  105  8:34  Warp Prism  
  107  8:41  Stalker  
  107  8:42  Stalker  
  95  8:56  Stalker x4  
  99  9:04  Stalker x2  
  99  9:07  Pylon  
  99  9:08  Gateway  
  99  9:09  Observer  
  104  9:19  Assimilator  
  104  9:20  Stalker x4  
  112  9:29  Stalker x2  
  116  9:32  Pylon  
  116  9:41  Stalker x3  
  116  9:44  Stalker  
  124  9:49  Adept  
  126  9:55  Adept  
  126  9:58  Adept x3  
  119  10:07  Adept  
  119  10:13  Adept  
  105  10:20  Adept x3  
  109  10:25  Adept  
  110  10:35  Stalker  
  109  10:46  Stalker x3  
  105  11:03  Stalker x3  
  111  11:05  Stalker  
  111  11:09  Zealot x2  
  117  11:12  Adept  
Show
View Real Time Build Order
Export as new Build Order

Scarlett Zerg 

Build Orders: Hatch First 

Get SALT Encoding   

  12  0:00  Drone  
  13  0:12  Overlord  
  13  0:16  Drone  
  14  0:30  Drone x2  
  16  0:37  Drone  
  17  0:51  Hatchery  
  17  0:54  Drone  
  17  0:57  Drone  
  18  1:08  Extractor  
  17  1:12  Spawning Pool  
  17  1:15  Drone  
  18  1:18  Drone  
  18  1:27  Drone  
  19  1:40  Drone  
  20  1:50  Drone  
  21  2:01  Zergling x2  
  22  2:02  Queen x2  
  22  2:03  Zergling x2  
  27  2:09  Metabolic Boost  
  27  2:12  Zergling x2  
  28  2:16  Overlord  
  28  2:37  Drone  
  29  2:38  Queen  
  29  2:41  Drone x2  
  33  2:45  Hatchery  
  33  2:48  Overlord  
  32  2:54  Zergling x2  
  32  2:57  Zergling x4  
  35  3:06  Zergling x2  
  35  3:07  Queen  
  35  3:10  Drone  
  35  3:11  Drone x2  
  41  3:13  Drone  
  41  3:14  Drone  
  43  3:25  Overlord  
  43  3:37  Overlord  
  43  3:42  Overlord  
  43  3:43  Queen  
  43  3:46  Drone x7  
  52  3:50  Overlord  
  52  3:53  Overlord  
  52  4:00  Queen  
  52  4:11  Drone x6  
  52  4:15  Spore Crawler  
  57  4:17  Evolution Chamber, Drone x5  
  57  4:18  Extractor  
  57  4:23  Spore Crawler  
  59  4:27  Spore Crawler  
  59  4:31  Evolution Chamber  
  57  4:36  Drone x7  
  62  4:39  Spore Crawler  
  62  4:40  Spore Crawler  
  62  4:41  Spore Crawler  
  58  4:52  Zergling x18  
  67  4:54  Zerg Melee Weapons Level 1  
  67  4:56  Drone  
  67  4:59  Spore Crawler  
  67  5:01  Lair  
  67  5:03  Drone x2  
  69  5:10  Drone x2  
  69  5:12  Drone x2  
  73  5:21  Drone x5  
  78  5:35  Drone x5  
  82  5:36  Drone  
  82  5:39  Roach Warren, Drone x3  
  82  5:41  Extractor x2  
  82  5:42  Extractor  
  78  5:44  Zergling x12  
  80  5:50  Zergling x4  
  80  5:51  Spine Crawler  
  80  5:54  Zergling x2  
  82  5:58  Overlord  
  82  6:00  Zergling x2  
  82  6:03  Zergling x2  
  83  6:06  Zergling x6  
  86  6:11  Queen  
  86  6:13  Zergling x8  
  88  6:22  Roach x5  
  97  6:26  Overlord x2  
  97  6:29  Glial Reconstitution  
  96  6:46  Zergling x2, Roach x9  
  112  6:47  Queen  
  107  6:54  Spore Crawler  
  107  6:58  Queen  
  96  7:03  Drone x8  
  104  7:09  Queen  
  104  7:15  Drone x3  
  106  7:21  Drone x4  
  107  7:23  Queen  
  107  7:28  Drone x3  
  110  7:34  Queen  
  104  7:48  Drone x8  
  84  7:59  Drone x3  
  84  8:09  Roach x4  
  92  8:15  Ravager x4  
  92  8:18  Zergling x8  
  99  8:21  Zergling x2  
  99  8:29  Overlord  
  99  8:30  Zergling x8, Ravager  
  99  8:32  Ravager  
  102  8:42  Ravager  
  102  8:45  Ravager  
  102  8:47  Roach, Zergling x14  
  103  8:54  Zergling x10  
  98  8:59  Roach x4  
  97  9:04  Zergling x2  
  97  9:08  Zergling x4  
  100  9:12  Zergling x6, Ravager  
  104  9:17  Zergling x4  
  104  9:21  Zergling x2  
  104  9:23  Zergling x6  
  110  9:28  Zergling x8  
  110  9:30  Overlord  
  114  9:32  Overlord  
  114  9:39  Overseer  
  114  9:43  Overlord  
  114  9:49  Roach x3  
  114  9:50  Ravager x4  
  114  9:56  Roach  
  114  9:57  Roach x4  
  116  10:04  Roach  
  116  10:05  Roach  
  110  10:09  Roach x3, Zergling x2  
  100  10:17  Roach x2  
  100  10:20  Ravager  
  103  10:26  Zergling x2, Ravager  
  105  10:33  Zergling x2, Ravager  
  105  10:34  Zergling x8  
  102  10:42  Ravager  
  102  10:43  Zergling x8  
  102  10:48  Zergling x4  
  83  11:01  Zergling x12  
  83  11:03  Roach x4  
  71  11:06  Zergling x2  
  69  11:11  Ravager x4  
Tags
 
Add a new tag
Caveats
  • Supply blocks, unpowered buildings, or Contaminate may cause inaccurate times.
  • Supply counts are checked every 10 seconds.